Capitals vs Avalanche
Created - December 7, 2018 at 19:06
Goals
|
| Capitals |
2 |
1 |
1 |
4 |
| Avalanche |
0 |
1 |
1 |
2 |
|
Shots
|
| Capitals |
6 |
11 |
9 |
26 |
| Avalanche |
10 |
6 |
8 |
24 |
|
1st period
1. Capitals , Mike Cammalleri 2 (Joe Thornton 19, Ryan Getzlaf 9) at 14:04
2. Capitals , Mike Cammalleri 3 (Joe Thornton 20, Erik Karlsson 7) at 14:20
Penalties :
Pernell Karl Subban (Col) for Hooking (Minor) at 3:11, Joe Thornton (Was) for Diving (Minor) at 6:40
2nd period
3. Avalanche , Andrew Ladd 4 (Brandon Yip 5, Greg Campbell 5) at 4:43
4. Capitals , Mikko Koivu 3 (T.J. Oshie 6, David Krejci 3) at 8:24
Penalties :
Wayne Simmonds (Was) for Roughing (Minor) at 1:14, Bryan Little (Col) for Hooking (Minor) at 5:54, Mikko Koivu (Was) for Tripping (Minor) at 11:18
3rd period
5. Avalanche , Mikkel Boedker 15 (Patric Hornqvist 16, Bryan Little 22) at 0:10
6. Capitals , Joe Thornton 10 (Brent Burns 14) at 1:51 (PP)
Penalties :
Andrew Ladd (Col) for Checking from behind (Minor) at 0:57, Ryan Getzlaf (Was) for Interference (Minor) at 3:16, Erik Karlsson (Was) for Roughing (Minor) at 6:30, Shayne Gostisbehere (Was) for Holding Stick (Minor) at 9:56, Brandon Yip (Col) for High sticking (Double Minor) at 12:22
Goalie Stats
Tuukka Rask (Was), 22 saves from 24 shots - (0.917), W, 13-6-0, 60:00 minutes
Semyon Varlamov (Col), 22 saves from 26 shots - (0.846), L, 7-7-1, 60:00 minutes
Players Stats for Capitals
Player Name G A P +/- PIM S H SB GA TA FO MP PP MP PK MP
------------------------------------------------------------------------------------
Blake Wheeler 0 0 0 1 0 1 0 0 0 0 1/4 20:06 4:12 4:07
Brent Burns 0 1 1 2 0 3 1 2 2 0 0/0 27:53 5:12 6:46
Christian Ehrhoff 0 0 0 0 0 1 0 0 0 1 0/0 19:55 3:39 5:01
Dan Girardi 0 0 0 -1 0 1 0 1 0 0 0/0 12:03 0:00 0:03
David Krejci 0 1 1 0 0 2 0 0 0 0 2/4 8:07 0:13 1:46
Eric Fehr 0 0 0 0 0 1 0 0 0 0 0/0 6:02 0:39 0:00
Erik Karlsson 0 1 1 2 2 3 1 1 1 1 0/0 27:44 5:12 6:10
Jamie Benn 0 0 0 0 0 0 1 1 0 0 1/2 14:08 0:44 2:53
Joe Thornton 1 2 3 1 2 2 4 0 1 0 18/33 25:20 3:59 5:12
Mark Stone 0 0 0 0 0 0 0 0 0 0 0/1 12:40 2:11 0:00
Matt Carle 0 0 0 0 0 0 1 2 0 1 0/0 19:38 3:39 4:44
Mike Cammalleri 2 0 2 1 0 2 0 1 0 0 1/3 22:02 3:58 6:35
Mikko Koivu 1 0 1 0 2 3 1 0 0 0 3/7 12:03 1:38 0:00
Patrick Marleau 0 0 0 0 0 0 0 0 0 0 0/0 2:19 0:59 0:00
Ryan Getzlaf 0 1 1 0 2 3 5 1 0 1 6/11 18:47 4:00 2:55
Shayne Gostisbehere 0 0 0 -1 2 1 0 4 0 1 0/0 13:18 0:00 1:24
T.J. Oshie 0 1 1 0 0 0 0 0 0 0 0/1 10:27 0:00 0:00
Wayne Simmonds 0 0 0 0 2 3 1 0 2 0 1/1 15:28 4:00 0:00
Players Stats for Avalanche
Player Name G A P +/- PIM S H SB GA TA FO MP PP MP PK MP
------------------------------------------------------------------------------------
Alexander Radulov 0 0 0 -1 0 3 1 0 0 0 0/1 15:48 5:18 0:00
Andrei Kostitsyn 0 0 0 -1 0 4 1 0 1 1 0/0 17:26 5:18 1:54
Andrew Ladd 1 0 1 1 2 4 0 0 0 0 0/0 13:37 0:14 2:44
Brandon Yip 0 1 1 1 4 0 0 0 0 0 0/0 12:06 0:11 1:18
Bryan Little 0 1 1 0 2 3 2 0 0 0 13/26 19:05 6:25 0:24
Chuck Kobasew 0 0 0 -1 0 0 0 0 0 0 0/1 10:24 0:00 4:26
Dan Boyle 0 0 0 0 0 0 2 1 0 1 0/0 11:55 0:00 0:50
Dominic Moore 0 0 0 -1 0 1 2 0 1 0 4/11 10:23 0:00 4:25
Greg Campbell 0 1 1 1 0 0 1 1 0 0 6/11 12:42 0:00 2:05
Jack Johnson 0 0 0 0 0 0 1 4 0 2 0/0 25:24 6:50 3:12
Jay Bouwmeester 0 0 0 -2 0 2 0 1 1 0 0/0 21:41 6:50 1:30
Johnny Boychuk 0 0 0 1 0 1 2 1 0 1 0/0 13:41 0:00 3:12
Marc Staal 0 0 0 -1 0 0 1 1 0 0 0/0 23:00 5:04 5:08
Mikkel Boedker 1 0 1 0 0 3 0 2 1 0 1/1 18:41 6:25 0:00
Patric Hornqvist 0 1 1 0 0 1 0 1 0 1 3/4 18:38 6:22 0:00
Paul Stastny 0 0 0 -1 0 1 1 0 0 0 7/12 15:48 5:18 0:00
Pernell Karl Subban 0 0 0 0 2 1 0 1 1 0 0/0 24:18 5:04 3:50
Zach Boychuk 0 0 0 -1 0 0 1 0 0 0 0/0 6:28 0:11 0:26
3 Stars
1 - Joe Thornton (Was)
2 - Mike Cammalleri (Was)
3 - Brent Burns (Was)
Power Play
Capitals - 1 on 5 Attempt(s) - 20.00%
Avalanche - 0 on 6 Attempt(s) - 0.00%
Penalty Kill
Capitals - 6 on 6 Attempt(s) - 100.00%
- Score 0 goal in Penalty Kill
Avalanche - 4 on 5 Attempt(s) - 80.00%
- Score 0 goal in Penalty Kill
Team Stat
Capitals - Hits : 15 - Faceoff Wins : 33 - Blocked Shots : 13 - Penalty Minutes : 12
Avalanche - Hits : 15 - Faceoff Wins : 34 - Blocked Shots : 13 - Penalty Minutes : 10
Official
Referees : Unknown
Linesman : Unknown
Game Notes
Patrick Marleau is injured at 8:58 of 1st period (Sprained Left Knee)
Finance
Level 1 -- Attendance: 6000 (100.00%) -- Ticket Income $534,000
Level 2 -- Attendance: 4625 (92.50%) -- Ticket Income $254,375
Level 3 -- Attendance: 2000 (100.00%) -- Ticket Income $66,000
Level 4 -- Attendance: 4000 (100.00%) -- Ticket Income $92,000
Luxury Box -- Attendance: 815 (81.50%) -- Ticket Income $140,180
Game was played at the Pepsi Center.
Total Attendance: 17440 (96.89%)
Total Ticket Income: $1,086,555
Other Income: $162,983
Total Income: $1,249,538
Capitals
5 vs 5 Forward
Center Left Wing Right Wing Time % Phy DF OF
1 Joe Thornton Mike Cammalleri Blake Wheeler 40 1 2 2
2 Ryan Getzlaf Patrick Marleau Wayne Simmonds 30 1 2 2
3 Mikko Koivu Jamie Benn T.J. Oshie 20 1 2 2
4 David Krejci Joe Thornton Eric Fehr 10 1 2 2
5 vs 5 Defense
Defense Defense Time % Phy DF OF
1 Brent Burns Erik Karlsson 40 1 2 2
2 Christian Ehrhoff Matt Carle 30 1 2 2
3 Dan Girardi Shayne Gostisbehere 20 1 2 2
4 Brent Burns Erik Karlsson 10 1 2 2
PowerPlay Forward
Center Left Wing Right Wing Time % Phy DF OF
1 Joe Thornton Mike Cammalleri Blake Wheeler 60 1 2 2
2 Ryan Getzlaf Patrick Marleau Wayne Simmonds 40 1 2 2
PowerPlay Defense
Defense Defense Time % Phy DF OF
1 Brent Burns Erik Karlsson 60 1 2 2
2 Christian Ehrhoff Matt Carle 40 1 2 2
Penalty Kill 4 Players Forward
Center Wing Time % Phy DF OF
1 Joe Thornton Mike Cammalleri 60 1 2 2
2 Blake Wheeler Ryan Getzlaf 40 1 2 2
Penalty Kill 4 Players Defense
Defense Defense Time % Phy DF OF
1 Brent Burns Erik Karlsson 60 1 2 2
2 Christian Ehrhoff Matt Carle 40 1 2 2
Penalty Kill - 3 Players Forward
Forward Time % Phy DF OF
1 Joe Thornton 60 1 2 2
2 Mike Cammalleri 40 1 2 2
Penalty Kill - 3 Players Defense
Defense Defense Time % Phy DF OF
1 Brent Burns Erik Karlsson 60 1 2 2
2 Christian Ehrhoff Matt Carle 40 1 2 2
4 vs 4 Forward
Center Wing Time % Phy DF OF
1 Joe Thornton Mike Cammalleri 60 1 2 2
2 Blake Wheeler Ryan Getzlaf 40 1 2 2
4 vs 4 Defense
Defense Defense Time % Phy DF OF
1 Brent Burns Erik Karlsson 60 1 2 2
2 Christian Ehrhoff Matt Carle 40 1 2 2
Last Minutes Offensive
Center Left Wing Right Wing Defense Defense
Joe Thornton Mike Cammalleri Blake Wheeler Brent Burns Erik Karlsson
Last Minutes Defensive
Center Left Wing Right Wing Defense Defense
Joe Thornton Mike Cammalleri Blake Wheeler Brent Burns Erik Karlsson
Goaltenders
Starting : Tuukka Rask
Backup : Ilya Bryzgalov
Extra Forwards
Normal : Mark Stone, Mikko Koivu, Jamie Benn - PP : Mark Stone, Mikko Koivu - PK : Jamie Benn
Extra Defensemen
Normal : Dan Girardi, Shayne Gostisbehere, Christian Ehrhoff - PP : Dan Girardi - PK : Shayne Gostisbehere, Christian Ehrhoff
Penalty Shots
Joe Thornton, Mike Cammalleri, Blake Wheeler, Ryan Getzlaf, Wayne Simmonds
Scratches
Scott Hartnell (Healthy), Sergei Bobrovsky (Healthy)
Avalanche
5 vs 5 Forward
Center Left Wing Right Wing Time % Phy DF OF
1 Bryan Little Mikkel Boedker Patric Hornqvist 35 1 2 2
2 Paul Stastny Andrei Kostitsyn Alexander Radulov 30 1 2 2
3 Greg Campbell Andrew Ladd Brandon Yip 25 1 2 2
4 Dominic Moore Zach Boychuk Chuck Kobasew 10 1 2 2
5 vs 5 Defense
Defense Defense Time % Phy DF OF
1 Pernell Karl Subban Jack Johnson 40 1 2 2
2 Jay Bouwmeester Marc Staal 35 1 2 2
3 Johnny Boychuk Dan Boyle 25 1 2 2
4 Marc Staal Jack Johnson 0 1 2 2
PowerPlay Forward
Center Left Wing Right Wing Time % Phy DF OF
1 Bryan Little Mikkel Boedker Patric Hornqvist 60 1 2 2
2 Paul Stastny Andrei Kostitsyn Alexander Radulov 40 1 2 2
PowerPlay Defense
Defense Defense Time % Phy DF OF
1 Jay Bouwmeester Jack Johnson 60 1 2 2
2 Pernell Karl Subban Marc Staal 40 1 2 2
Penalty Kill 4 Players Forward
Center Wing Time % Phy DF OF
1 Dominic Moore Chuck Kobasew 60 1 2 2
2 Andrew Ladd Brandon Yip 40 1 2 2
Penalty Kill 4 Players Defense
Defense Defense Time % Phy DF OF
1 Marc Staal Pernell Karl Subban 60 1 2 2
2 Jack Johnson Johnny Boychuk 40 1 2 2
Penalty Kill - 3 Players Forward
Forward Time % Phy DF OF
1 Chuck Kobasew 60 1 2 2
2 Andrew Ladd 40 1 2 2
Penalty Kill - 3 Players Defense
Defense Defense Time % Phy DF OF
1 Marc Staal Jack Johnson 60 1 2 2
2 Pernell Karl Subban Johnny Boychuk 40 1 2 2
4 vs 4 Forward
Center Wing Time % Phy DF OF
1 Patric Hornqvist Mikkel Boedker 60 1 2 2
2 Bryan Little Andrei Kostitsyn 40 1 2 2
4 vs 4 Defense
Defense Defense Time % Phy DF OF
1 Marc Staal Jack Johnson 60 1 2 2
2 Pernell Karl Subban Johnny Boychuk 40 1 2 2
Last Minutes Offensive
Center Left Wing Right Wing Defense Defense
Bryan Little Mikkel Boedker Patric Hornqvist Marc Staal Jack Johnson
Last Minutes Defensive
Center Left Wing Right Wing Defense Defense
Bryan Little Andrew Ladd Chuck Kobasew Marc Staal Jack Johnson
Goaltenders
Starting : Semyon Varlamov
Backup : Roberto Luongo
Extra Forwards
Normal : Andrew Ladd, Alexander Radulov, Greg Campbell - PP : Andrew Ladd, Alexander Radulov - PK : Greg Campbell
Extra Defensemen
Normal : Jay Bouwmeester, Dan Boyle, Pernell Karl Subban - PP : Jay Bouwmeester - PK : Jay Bouwmeester, Pernell Karl Subban
Penalty Shots
Mikkel Boedker, Patric Hornqvist, Paul Stastny, Bryan Little, Andrei Kostitsyn
Scratches
None
% Time on Ice - Capitals
Lines # - Real PCT - Wanted PCT - Time Play
Normal Forward
1 - 29% - 40% - 11:14
2 - 33% - 30% - 13:07
3 - 25% - 20% - 9:54
4 - 13% - 10% - 5:00
Normal Defense
1 - 42% - 40% - 16:28
2 - 29% - 30% - 11:15
3 - 29% - 20% - 11:16
4 - 1% - 10% - 0:16
PP Forward
1 - 52% - 60% - 4:38
2 - 48% - 40% - 4:13
PP Defense
1 - 59% - 60% - 5:12
2 - 41% - 40% - 3:39
PK Forward
1 - 71% - 60% - 8:25
2 - 29% - 40% - 3:29
PK Defense
1 - 60% - 60% - 7:10
2 - 40% - 40% - 4:44
PK3 Forward
1 - 0% - 60%
2 - 0% - 40%
PK3 Defense
1 - 0% - 60%
2 - 0% - 40%
44 Forward
1 - 0% - 60%
2 - 0% - 40%
44 Defense
1 - 0% - 60%
2 - 0% - 40%
Last Minute Offensive - 0:00
Last Minute Defensive - 0:00
Total
Forward - 60:00
Defense - 60:00
|
% Time on Ice - Avalanche
Lines # - Real PCT - Wanted PCT - Time Play
Normal Forward
1 - 32% - 35% - 12:23
2 - 27% - 30% - 10:31
3 - 27% - 25% - 10:30
4 - 15% - 10% - 5:51
Normal Defense
1 - 41% - 40% - 16:08
2 - 32% - 35% - 12:39
3 - 27% - 25% - 10:28
4 - 0% - 0% - 0:00
PP Forward
1 - 55% - 60% - 6:36
2 - 45% - 40% - 5:18
PP Defense
1 - 57% - 60% - 6:50
2 - 43% - 40% - 5:04
PK Forward
1 - 72% - 60% - 6:23
2 - 28% - 40% - 2:28
PK Defense
1 - 58% - 60% - 5:08
2 - 42% - 40% - 3:43
PK3 Forward
1 - 0% - 60%
2 - 0% - 40%
PK3 Defense
1 - 0% - 60%
2 - 0% - 40%
44 Forward
1 - 0% - 60%
2 - 0% - 40%
44 Defense
1 - 0% - 60%
2 - 0% - 40%
Last Minute Offensive - 0:00
Last Minute Defensive - 0:00
Total
Forward - 60:00
Defense - 60:00
|
Play by Play
1st period
0:01 of 1st period - Bryan Little wins face-off versus Joe Thornton in neutral zone.
0:05 of 1st period - Icing by Brent Burns.
0:06 of 1st period - Bryan Little wins face-off versus Joe Thornton in Capitals zone.
0:07 of 1st period - Snap shot by Mikkel Boedker.
0:07 of 1st period - Shot Misses the Net.
0:42 of 1st period - Snap shot by Andrei Kostitsyn.
0:42 of 1st period - Deflect By Alexander Radulov.
0:42 of 1st period - Shot Blocked by Brent Burns.
0:42 of 1st period - Puck is out of play.
0:43 of 1st period - Greg Campbell wins face-off versus Mikko Koivu in Capitals zone.
0:46 of 1st period - Slapshot by Andrew Ladd.
0:46 of 1st period - Stopped by Tuukka Rask without a rebound.
0:47 of 1st period - Mikko Koivu wins face-off versus Greg Campbell in Capitals zone.
0:56 of 1st period - Snap shot by Jamie Benn.
0:56 of 1st period - Shot Misses the Net.
0:58 of 1st period - Slapshot by Christian Ehrhoff.
0:58 of 1st period - Stopped by Semyon Varlamov with a rebound.
1:00 of 1st period - Snap shot by Matt Carle.
1:00 of 1st period - Shot Misses the Net.
2:02 of 1st period - Wrist shot by Brandon Yip.
2:02 of 1st period - Shot Misses the Net.
2:18 of 1st period - Wrist shot by David Krejci.
2:18 of 1st period - Stopped by Semyon Varlamov without a rebound.
2:19 of 1st period - Paul Stastny wins face-off versus Ryan Getzlaf in Avalanche zone.
2:46 of 1st period - Mikko Koivu is hit by Johnny Boychuk and loses puck.
2:53 of 1st period - Slapshot by Erik Karlsson.
2:53 of 1st period - Stopped by Semyon Varlamov without a rebound.
2:54 of 1st period - Dominic Moore wins face-off versus Ryan Getzlaf in Avalanche zone.
3:01 of 1st period - Erik Karlsson is hit by Jack Johnson and loses puck.
3:11 of 1st period - Minor Penalty to Pernell Karl Subban for Hooking.
3:12 of 1st period - Dominic Moore wins face-off versus Joe Thornton in Avalanche zone.
4:39 of 1st period - Icing by Ryan Getzlaf.
4:40 of 1st period - Ryan Getzlaf wins face-off versus Greg Campbell in Capitals zone.
5:11 of 1st period - Penalty to Pernell Karl Subban is over, Pernell Karl Subban is back on ice.
5:29 of 1st period - Wrist shot by Andrei Kostitsyn.
5:29 of 1st period - Stopped by Tuukka Rask with a rebound.
6:38 of 1st period - Slapshot by Alexander Radulov.
6:38 of 1st period - Shot Misses the Net.
6:40 of 1st period - Minor Penalty to Joe Thornton for Diving.
6:41 of 1st period - Patric Hornqvist wins face-off versus Jamie Benn in Capitals zone.
6:46 of 1st period - Snap shot by Bryan Little.
6:46 of 1st period - Stopped by Tuukka Rask with a rebound.
6:48 of 1st period - Snap shot by Bryan Little.
6:48 of 1st period - Deflect By Mikkel Boedker.
6:48 of 1st period - Stopped by Tuukka Rask without a rebound.
6:49 of 1st period - Jamie Benn wins face-off versus Bryan Little in Capitals zone.
8:40 of 1st period - Penalty to Joe Thornton is over, Joe Thornton is back on ice.
8:57 of 1st period - Patrick Marleau is hit by Dominic Moore and loses puck.
8:58 of 1st period - Patrick Marleau from Capitals is injured at 8:58 of 1st period (Sprained Left Knee).
8:59 of 1st period - Joe Thornton wins face-off versus Bryan Little in Capitals zone.
9:04 of 1st period - Bryan Little is hit by Joe Thornton and loses puck.
9:34 of 1st period - Slapshot by Wayne Simmonds.
9:34 of 1st period - Shot Misses the Net.
9:36 of 1st period - Wrist shot by Ryan Getzlaf.
9:36 of 1st period - Shot Misses the Net.
9:38 of 1st period - Wrist shot by Wayne Simmonds.
9:38 of 1st period - Shot Misses the Net.
9:57 of 1st period - Slapshot by Andrew Ladd.
9:57 of 1st period - Deflect By Greg Campbell.
9:57 of 1st period - Shot Misses the Net.
9:57 of 1st period - Puck is out of play.
9:58 of 1st period - Bryan Little wins face-off versus Mike Cammalleri in Capitals zone.
10:23 of 1st period - Paul Stastny is hit by Ryan Getzlaf and loses puck.
10:43 of 1st period - Off-side.
10:44 of 1st period - Mikko Koivu wins face-off versus Dominic Moore in neutral zone.
11:23 of 1st period - Slapshot by Brent Burns.
11:23 of 1st period - Stopped by Semyon Varlamov with a rebound.
11:37 of 1st period - Snap shot by Andrei Kostitsyn.
11:37 of 1st period - Stopped by Tuukka Rask without a rebound.
11:38 of 1st period - Joe Thornton wins face-off versus Paul Stastny in Capitals zone.
11:38 of 1st period - Joe Thornton is hit by Alexander Radulov.
12:54 of 1st period - Slapshot by Chuck Kobasew.
12:54 of 1st period - Deflect By Dominic Moore.
12:54 of 1st period - Stopped by Tuukka Rask with a rebound.
13:39 of 1st period - Snap shot by Andrew Ladd.
13:39 of 1st period - Stopped by Tuukka Rask with a rebound.
14:04 of 1st period - Backhand shot by Mike Cammalleri.
14:04 of 1st period - Goal by Mike Cammalleri - Capitals : 1 - Avalanche : 0.
14:05 of 1st period - Bryan Little wins face-off versus Joe Thornton in neutral zone.
14:18 of 1st period - Slapshot by Joe Thornton.
14:18 of 1st period - Shot Blocked by Jack Johnson.
14:20 of 1st period - Snap shot by Mike Cammalleri.
14:20 of 1st period - Goal by Mike Cammalleri - Capitals : 2 - Avalanche : 0.
14:21 of 1st period - Blake Wheeler wins face-off versus Bryan Little in neutral zone.
14:26 of 1st period - Slapshot by Brent Burns.
14:26 of 1st period - Shot Blocked by Jack Johnson.
15:12 of 1st period - Jamie Benn is hit by Marc Staal and loses puck.
15:30 of 1st period - Blake Wheeler is hit by Zach Boychuk and loses puck.
15:47 of 1st period - Wayne Simmonds is hit by Dan Boyle and loses puck.
16:04 of 1st period - Snap shot by Alexander Radulov.
16:04 of 1st period - Shot Misses the Net.
17:04 of 1st period - Slapshot by Paul Stastny.
17:04 of 1st period - Stopped by Tuukka Rask with a rebound.
17:48 of 1st period - Brent Burns is hit by Bryan Little.
18:17 of 1st period - Andrew Ladd is hit by Ryan Getzlaf and loses puck.
19:00 of 1st period - Wrist shot by Bryan Little.
19:00 of 1st period - Stopped by Tuukka Rask without a rebound.
19:01 of 1st period - Paul Stastny wins face-off versus Ryan Getzlaf in Capitals zone.
19:37 of 1st period - Snap shot by Bryan Little.
19:37 of 1st period - Stopped by Tuukka Rask with a rebound.
Goals for this period are 2 for Capitals vs 0 for Avalanche.
Shots for this period are 6 for Capitals vs 10 for Avalanche.
2nd period
0:01 of 2nd period - Bryan Little wins face-off versus Joe Thornton in neutral zone.
0:15 of 2nd period - Off-side.
0:16 of 2nd period - Ryan Getzlaf wins face-off versus Paul Stastny in neutral zone.
0:29 of 2nd period - Snap shot by Jack Johnson.
0:29 of 2nd period - Shot Blocked by Ryan Getzlaf.
0:45 of 2nd period - Wrist shot by Erik Karlsson.
0:45 of 2nd period - Shot Misses the Net.
0:47 of 2nd period - Snap shot by Brent Burns.
0:47 of 2nd period - Stopped by Semyon Varlamov without a rebound.
0:48 of 2nd period - Bryan Little wins face-off versus Joe Thornton in Avalanche zone.
1:14 of 2nd period - Minor Penalty to Wayne Simmonds for Roughing.
1:15 of 2nd period - Bryan Little wins face-off versus Mike Cammalleri in Capitals zone.
1:21 of 2nd period - Snap shot by Bryan Little.
1:21 of 2nd period - Shot Misses the Net.
1:23 of 2nd period - Wrist shot by Bryan Little.
1:23 of 2nd period - Shot Misses the Net.
3:14 of 2nd period - Penalty to Wayne Simmonds is over, Wayne Simmonds is back on ice.
3:24 of 2nd period - Off-side.
3:25 of 2nd period - Greg Campbell wins face-off versus Mikko Koivu in neutral zone.
4:13 of 2nd period - Snap shot by Andrew Ladd.
4:13 of 2nd period - Stopped by Tuukka Rask with a rebound.
4:15 of 2nd period - Slapshot by Dan Boyle.
4:15 of 2nd period - Shot Blocked by Jamie Benn.
4:17 of 2nd period - Slapshot by Johnny Boychuk.
4:17 of 2nd period - Stopped by Tuukka Rask with a rebound.
4:25 of 2nd period - Snap shot by Brandon Yip.
4:25 of 2nd period - Shot Misses the Net.
4:27 of 2nd period - Wrist shot by Brandon Yip.
4:27 of 2nd period - Shot Misses the Net.
4:33 of 2nd period - Snap shot by Brandon Yip.
4:33 of 2nd period - Shot Blocked by Shayne Gostisbehere.
4:35 of 2nd period - Snap shot by Andrew Ladd.
4:35 of 2nd period - Shot Misses the Net.
4:37 of 2nd period - Slapshot by Greg Campbell.
4:37 of 2nd period - Shot Blocked by Shayne Gostisbehere.
4:39 of 2nd period - Wrist shot by Andrew Ladd.
4:39 of 2nd period - Shot Blocked by Shayne Gostisbehere.
4:41 of 2nd period - Backhand shot by Brandon Yip.
4:41 of 2nd period - Shot Misses the Net.
4:43 of 2nd period - Wrist shot by Andrew Ladd.
4:43 of 2nd period - Goal by Andrew Ladd - Capitals : 2 - Avalanche : 1.
4:44 of 2nd period - Paul Stastny wins face-off versus Joe Thornton in neutral zone.
5:01 of 2nd period - Snap shot by Alexander Radulov.
5:01 of 2nd period - Stopped by Tuukka Rask with a rebound.
5:36 of 2nd period - Off-side.
5:37 of 2nd period - Joe Thornton wins face-off versus Dominic Moore in neutral zone.
5:40 of 2nd period - Chuck Kobasew is hit by Joe Thornton and loses puck.
5:51 of 2nd period - Wrist shot by David Krejci.
5:51 of 2nd period - Stopped by Semyon Varlamov without a rebound.
5:52 of 2nd period - Bryan Little wins face-off versus Joe Thornton in Avalanche zone.
5:54 of 2nd period - Minor Penalty to Bryan Little for Hooking.
5:55 of 2nd period - Dominic Moore wins face-off versus Blake Wheeler in Avalanche zone.
5:55 of 2nd period - Dominic Moore is hit by Joe Thornton.
6:54 of 2nd period - Snap shot by Andrei Kostitsyn.
6:54 of 2nd period - Stopped by Tuukka Rask with a rebound.
7:54 of 2nd period - Penalty to Bryan Little is over, Bryan Little is back on ice.
8:22 of 2nd period - Slapshot by Mikko Koivu.
8:22 of 2nd period - Shot Hit the Post.
8:24 of 2nd period - Wrist shot by Mikko Koivu.
8:24 of 2nd period - Goal by Mikko Koivu - Capitals : 3 - Avalanche : 1.
8:25 of 2nd period - Ryan Getzlaf wins face-off versus Bryan Little in neutral zone.
8:30 of 2nd period - Wrist shot by Wayne Simmonds.
8:30 of 2nd period - Deflect By Ryan Getzlaf.
8:30 of 2nd period - Stopped by Semyon Varlamov with a rebound.
8:34 of 2nd period - Wrist shot by Ryan Getzlaf.
8:34 of 2nd period - Shot Misses the Net.
8:36 of 2nd period - Slapshot by Wayne Simmonds.
8:36 of 2nd period - Stopped by Semyon Varlamov without a rebound.
8:37 of 2nd period - Joe Thornton wins face-off versus Paul Stastny in Avalanche zone.
8:42 of 2nd period - Wrist shot by Joe Thornton.
8:42 of 2nd period - Stopped by Semyon Varlamov with a rebound.
9:06 of 2nd period - Slapshot by Ryan Getzlaf.
9:06 of 2nd period - Shot Blocked by Patric Hornqvist.
9:08 of 2nd period - Backhand shot by Ryan Getzlaf.
9:08 of 2nd period - Stopped by Semyon Varlamov without a rebound.
9:09 of 2nd period - Patric Hornqvist wins face-off versus Mark Stone in Avalanche zone.
9:25 of 2nd period - Snap shot by Ryan Getzlaf.
9:25 of 2nd period - Shot Blocked by Mikkel Boedker.
9:57 of 2nd period - Greg Campbell is hit by Matt Carle and loses puck.
10:06 of 2nd period - Wrist shot by T.J. Oshie.
10:06 of 2nd period - Shot Blocked by Pernell Karl Subban.
10:59 of 2nd period - Snap shot by Blake Wheeler.
10:59 of 2nd period - Shot Hit the Post.
11:18 of 2nd period - Minor Penalty to Mikko Koivu for Tripping.
11:19 of 2nd period - Joe Thornton wins face-off versus Alexander Radulov in Capitals zone.
11:19 of 2nd period - Joe Thornton is hit by Andrei Kostitsyn.
13:00 of 2nd period - Icing by Patric Hornqvist.
13:01 of 2nd period - Bryan Little wins face-off versus Joe Thornton in Avalanche zone.
13:18 of 2nd period - Penalty to Mikko Koivu is over, Mikko Koivu is back on ice.
13:30 of 2nd period - Slapshot by Ryan Getzlaf.
13:30 of 2nd period - Stopped by Semyon Varlamov with a rebound.
13:50 of 2nd period - Snap shot by Mikko Koivu.
13:50 of 2nd period - Deflect By T.J. Oshie.
13:50 of 2nd period - Shot Misses the Net.
13:50 of 2nd period - Puck is out of play.
13:51 of 2nd period - Bryan Little wins face-off versus Mikko Koivu in Avalanche zone.
14:04 of 2nd period - Bryan Little is hit by Mikko Koivu and loses puck.
14:26 of 2nd period - Off-side.
14:27 of 2nd period - Paul Stastny wins face-off versus Joe Thornton in neutral zone.
14:29 of 2nd period - Off-side.
14:30 of 2nd period - Joe Thornton wins face-off versus Paul Stastny in neutral zone.
15:29 of 2nd period - Slapshot by T.J. Oshie.
15:29 of 2nd period - Shot Blocked by Jay Bouwmeester.
15:31 of 2nd period - Slapshot by Shayne Gostisbehere.
15:31 of 2nd period - Shot Blocked by Marc Staal.
15:43 of 2nd period - Snap shot by Jay Bouwmeester.
15:43 of 2nd period - Stopped by Tuukka Rask without a rebound.
15:44 of 2nd period - David Krejci wins face-off versus Dominic Moore in Capitals zone.
16:12 of 2nd period - Slapshot by Brent Burns.
16:12 of 2nd period - Shot Blocked by Johnny Boychuk.
16:18 of 2nd period - Alexander Radulov is hit by Ryan Getzlaf and loses puck.
16:43 of 2nd period - Wrist shot by Jamie Benn.
16:43 of 2nd period - Shot Misses the Net.
16:54 of 2nd period - Off-side.
16:55 of 2nd period - Greg Campbell wins face-off versus Joe Thornton in neutral zone.
17:44 of 2nd period - Dan Girardi is hit by Bryan Little and loses puck.
17:54 of 2nd period - Slapshot by Jamie Benn.
17:54 of 2nd period - Shot Misses the Net.
19:09 of 2nd period - Snap shot by Wayne Simmonds.
19:09 of 2nd period - Stopped by Semyon Varlamov without a rebound.
19:10 of 2nd period - Paul Stastny wins face-off versus Ryan Getzlaf in Avalanche zone.
19:10 of 2nd period - Paul Stastny is hit by Ryan Getzlaf.
19:37 of 2nd period - Andrei Kostitsyn is hit by Ryan Getzlaf and loses puck.
19:42 of 2nd period - Slapshot by Ryan Getzlaf.
19:42 of 2nd period - Shot Misses the Net.
19:44 of 2nd period - Slapshot by Dan Girardi.
19:44 of 2nd period - Stopped by Semyon Varlamov with a rebound.
19:46 of 2nd period - Slapshot by Shayne Gostisbehere.
19:46 of 2nd period - Stopped by Semyon Varlamov without a rebound.
19:47 of 2nd period - Bryan Little wins face-off versus Joe Thornton in Avalanche zone.
19:56 of 2nd period - Wrist shot by Mikkel Boedker.
19:56 of 2nd period - Shot Blocked by Dan Girardi.
Goals for this period are 1 for Capitals vs 1 for Avalanche.
Shots for this period are 11 for Capitals vs 6 for Avalanche.
3rd period
0:01 of 3rd period - Bryan Little wins face-off versus Blake Wheeler in neutral zone.
0:08 of 3rd period - Snap shot by Patric Hornqvist.
0:08 of 3rd period - Shot Blocked by Brent Burns.
0:10 of 3rd period - Slapshot by Mikkel Boedker.
0:10 of 3rd period - Goal by Mikkel Boedker - Capitals : 3 - Avalanche : 2.
0:11 of 3rd period - Joe Thornton wins face-off versus Bryan Little in neutral zone.
0:20 of 3rd period - Wrist shot by Mike Cammalleri.
0:20 of 3rd period - Shot Blocked by Jack Johnson.
0:49 of 3rd period - Snap shot by Wayne Simmonds.
0:49 of 3rd period - Shot Blocked by Greg Campbell.
0:51 of 3rd period - Snap shot by Mark Stone.
0:51 of 3rd period - Shot Misses the Net.
0:57 of 3rd period - Minor Penalty to Andrew Ladd for Checking from behind.
0:58 of 3rd period - Joe Thornton wins face-off versus Dominic Moore in Avalanche zone.
0:59 of 3rd period - Snap shot by Blake Wheeler.
0:59 of 3rd period - Stopped by Semyon Varlamov with a rebound.
1:26 of 3rd period - Icing by Ryan Getzlaf.
1:27 of 3rd period - Ryan Getzlaf wins face-off versus Dominic Moore in Capitals zone.
1:34 of 3rd period - Snap shot by Ryan Getzlaf.
1:34 of 3rd period - Shot Blocked by Jack Johnson.
1:36 of 3rd period - Snap shot by Brent Burns.
1:36 of 3rd period - Stopped by Semyon Varlamov with a rebound.
1:38 of 3rd period - Slapshot by Erik Karlsson.
1:38 of 3rd period - Stopped by Semyon Varlamov with a rebound.
1:40 of 3rd period - Wrist shot by Erik Karlsson.
1:40 of 3rd period - Stopped by Semyon Varlamov without a rebound.
1:41 of 3rd period - Dominic Moore wins face-off versus Joe Thornton in Avalanche zone.
1:45 of 3rd period - Off-side.
1:46 of 3rd period - Joe Thornton wins face-off versus Dominic Moore in neutral zone.
1:51 of 3rd period - Wrist shot by Joe Thornton.
1:51 of 3rd period - Goal by Joe Thornton - Capitals : 4 - Avalanche : 2.
1:52 of 3rd period - Paul Stastny wins face-off versus Joe Thornton in neutral zone.
1:57 of 3rd period - Slapshot by Pernell Karl Subban.
1:57 of 3rd period - Shot Misses the Net.
2:01 of 3rd period - Wrist shot by Alexander Radulov.
2:01 of 3rd period - Stopped by Tuukka Rask without a rebound.
2:02 of 3rd period - Paul Stastny wins face-off versus Joe Thornton in Capitals zone.
2:55 of 3rd period - Snap shot by Paul Stastny.
2:55 of 3rd period - Shot Misses the Net.
2:59 of 3rd period - Wrist shot by Alexander Radulov.
2:59 of 3rd period - Stopped by Tuukka Rask with a rebound.
3:01 of 3rd period - Snap shot by Andrei Kostitsyn.
3:01 of 3rd period - Stopped by Tuukka Rask with a rebound.
3:03 of 3rd period - Snap shot by Paul Stastny.
3:03 of 3rd period - Shot Misses the Net.
3:05 of 3rd period - Slapshot by Pernell Karl Subban.
3:05 of 3rd period - Shot Blocked by Mike Cammalleri.
3:07 of 3rd period - Wrist shot by Paul Stastny.
3:07 of 3rd period - Shot Misses the Net.
3:09 of 3rd period - Snap shot by Pernell Karl Subban.
3:09 of 3rd period - Deflect By Brent Burns.
3:09 of 3rd period - Stopped by Tuukka Rask without a rebound.
3:10 of 3rd period - Mikkel Boedker wins face-off versus Ryan Getzlaf in Capitals zone.
3:16 of 3rd period - Minor Penalty to Ryan Getzlaf for Interference.
3:17 of 3rd period - Joe Thornton wins face-off versus Bryan Little in Capitals zone.
4:38 of 3rd period - Andrei Kostitsyn is hit by Erik Karlsson and loses puck.
5:16 of 3rd period - Penalty to Ryan Getzlaf is over, Ryan Getzlaf is back on ice.
5:19 of 3rd period - Wrist shot by Dominic Moore.
5:19 of 3rd period - Shot Blocked by Matt Carle.
5:31 of 3rd period - Snap shot by Ryan Getzlaf.
5:31 of 3rd period - Deflect By Blake Wheeler.
5:31 of 3rd period - Shot Misses the Net.
5:31 of 3rd period - Puck is out of play.
5:32 of 3rd period - Ryan Getzlaf wins face-off versus Greg Campbell in Avalanche zone.
5:33 of 3rd period - Wrist shot by Wayne Simmonds.
5:33 of 3rd period - Stopped by Semyon Varlamov with a rebound.
5:59 of 3rd period - T.J. Oshie is hit by Dan Boyle and loses puck.
6:08 of 3rd period - Slapshot by Jay Bouwmeester.
6:08 of 3rd period - Stopped by Tuukka Rask without a rebound.
6:09 of 3rd period - Joe Thornton wins face-off versus Bryan Little in Capitals zone.
6:18 of 3rd period - Snap shot by Bryan Little.
6:18 of 3rd period - Shot Misses the Net.
6:20 of 3rd period - Snap shot by Mikkel Boedker.
6:20 of 3rd period - Stopped by Tuukka Rask without a rebound.
6:21 of 3rd period - Joe Thornton wins face-off versus Bryan Little in Capitals zone.
6:28 of 3rd period - Snap shot by Mikkel Boedker.
6:28 of 3rd period - Shot Blocked by Erik Karlsson.
6:30 of 3rd period - Minor Penalty to Erik Karlsson for Roughing.
6:31 of 3rd period - Joe Thornton wins face-off versus Bryan Little in Capitals zone.
6:40 of 3rd period - Wrist shot by Patric Hornqvist.
6:40 of 3rd period - Shot Misses the Net.
6:42 of 3rd period - Wrist shot by Bryan Little.
6:42 of 3rd period - Shot Misses the Net.
6:44 of 3rd period - Slapshot by Patric Hornqvist.
6:44 of 3rd period - Stopped by Tuukka Rask without a rebound.
6:45 of 3rd period - Mike Cammalleri wins face-off versus Patric Hornqvist in Capitals zone.
6:50 of 3rd period - Bryan Little is hit by Brent Burns and loses puck.
7:19 of 3rd period - Slapshot by Jack Johnson.
7:19 of 3rd period - Shot Misses the Net.
7:34 of 3rd period - Icing by Patric Hornqvist.
7:35 of 3rd period - Patric Hornqvist wins face-off versus Blake Wheeler in Avalanche zone.
8:02 of 3rd period - Matt Carle is hit by Paul Stastny and loses puck.
8:15 of 3rd period - Snap shot by Matt Carle.
8:15 of 3rd period - Shot Blocked by Mikkel Boedker.
8:30 of 3rd period - Penalty to Erik Karlsson is over, Erik Karlsson is back on ice.
8:47 of 3rd period - Snap shot by T.J. Oshie.
8:47 of 3rd period - Shot Misses the Net.
9:19 of 3rd period - Icing by Joe Thornton.
9:20 of 3rd period - David Krejci wins face-off versus Paul Stastny in Capitals zone.
9:33 of 3rd period - Snap shot by David Krejci.
9:33 of 3rd period - Shot Blocked by Dan Boyle.
9:35 of 3rd period - Slapshot by Brent Burns.
9:35 of 3rd period - Deflect By Eric Fehr.
9:35 of 3rd period - Stopped by Semyon Varlamov with a rebound.
9:37 of 3rd period - Wrist shot by Joe Thornton.
9:37 of 3rd period - Deflect By David Krejci.
9:37 of 3rd period - Shot Misses the Net.
9:37 of 3rd period - Puck is out of play.
9:38 of 3rd period - Ryan Getzlaf wins face-off versus Bryan Little in Avalanche zone.
9:56 of 3rd period - Minor Penalty to Shayne Gostisbehere for Holding Stick.
9:57 of 3rd period - Joe Thornton wins face-off versus Bryan Little in Capitals zone.
10:10 of 3rd period - Snap shot by Mikkel Boedker.
10:10 of 3rd period - Deflect By Brent Burns.
10:10 of 3rd period - Shot Misses the Net.
10:10 of 3rd period - Puck is out of play.
10:11 of 3rd period - Joe Thornton wins face-off versus Bryan Little in Capitals zone.
10:16 of 3rd period - Snap shot by Mikkel Boedker.
10:16 of 3rd period - Deflect By Bryan Little.
10:16 of 3rd period - Shot Misses the Net.
10:16 of 3rd period - Puck is out of play.
10:17 of 3rd period - Joe Thornton wins face-off versus Bryan Little in Capitals zone.
11:38 of 3rd period - Pernell Karl Subban is hit by Jamie Benn and loses puck.
11:56 of 3rd period - Penalty to Shayne Gostisbehere is over, Shayne Gostisbehere is back on ice.
12:12 of 3rd period - Slapshot by Brandon Yip.
12:12 of 3rd period - Shot Misses the Net.
12:22 of 3rd period - Double Minor Penalty to Brandon Yip for High sticking.
12:23 of 3rd period - Joe Thornton wins face-off versus Chuck Kobasew in Avalanche zone.
13:14 of 3rd period - Dominic Moore is hit by Wayne Simmonds and loses puck.
13:33 of 3rd period - Joe Thornton is hit by Greg Campbell and loses puck.
14:40 of 3rd period - Wrist shot by Mikko Koivu.
14:40 of 3rd period - Stopped by Semyon Varlamov with a rebound.
14:58 of 3rd period - Pernell Karl Subban is hit by Joe Thornton and loses puck.
16:22 of 3rd period - Penalty to Brandon Yip is over, Brandon Yip is back on ice.
16:38 of 3rd period - Snap shot by Mikkel Boedker.
16:38 of 3rd period - Shot Blocked by Shayne Gostisbehere.
17:42 of 3rd period - Icing by Jay Bouwmeester.
17:43 of 3rd period - Bryan Little wins face-off versus David Krejci in Avalanche zone.
17:50 of 3rd period - Slapshot by Patric Hornqvist.
17:50 of 3rd period - Deflect By Mikkel Boedker.
17:50 of 3rd period - Shot Blocked by Matt Carle.
17:50 of 3rd period - Puck is out of play.
17:51 of 3rd period - Wayne Simmonds wins face-off versus Greg Campbell in Capitals zone.
18:14 of 3rd period - Erik Karlsson is hit by Johnny Boychuk.
18:26 of 3rd period - Snap shot by Brandon Yip.
18:26 of 3rd period - Deflect By Greg Campbell.
18:26 of 3rd period - Shot Misses the Net.
18:26 of 3rd period - Puck is out of play.
18:27 of 3rd period - Mikko Koivu wins face-off versus Greg Campbell in Capitals zone.
18:31 of 3rd period - Icing by Matt Carle.
18:32 of 3rd period - Greg Campbell wins face-off versus Mikko Koivu in Capitals zone.
18:57 of 3rd period - Snap shot by Chuck Kobasew.
18:57 of 3rd period - Shot Misses the Net.
18:59 of 3rd period - Wrist shot by Jay Bouwmeester.
18:59 of 3rd period - Deflect By Zach Boychuk.
18:59 of 3rd period - Deflect By Christian Ehrhoff.
18:59 of 3rd period - Shot Misses the Net.
18:59 of 3rd period - Puck is out of play.
19:00 of 3rd period - Joe Thornton wins face-off versus Dominic Moore in Capitals zone.
19:00 of 3rd period - Joe Thornton is hit by Dominic Moore.
19:10 of 3rd period - Off-side.
19:11 of 3rd period - Greg Campbell wins face-off versus T.J. Oshie in neutral zone.
19:24 of 3rd period - Snap shot by Mikko Koivu.
19:24 of 3rd period - Stopped by Semyon Varlamov without a rebound.
19:25 of 3rd period - Greg Campbell wins face-off versus David Krejci in Avalanche zone.
Goals for this period are 1 for Capitals vs 1 for Avalanche.
Shots for this period are 9 for Capitals vs 8 for Avalanche.
Back to the Top